 Dungeon Crawl Stone Soup version 0.28.0-53-g5a82cb258f (console) character file.

Game seed: 6828527682002406075

256 erker the Digger (level 6, -2/36 HPs)
             Began as an Octopode Earth Elementalist on July 15, 2022.
             Slain by a scorpion (5 damage)
             ... on level 5 of the Dungeon.
             The game lasted 00:13:15 (4779 turns).

erker the Digger (Octopode Earth Elementalist)      Turns: 4779, Time: 00:13:16

Health: -2/36      AC:  1    Str:  7    XL:     6   Next: 16%
Magic:  5/9        EV: 13    Int: 20    God:
Gold:   191        SH:  0    Dex: 12    Spells: 2/9 levels left

rFire   . . .      SeeInvis .   a - +0 dagger
rCold   . . .      Faith    .   (no shield)
rNeg    . . .      Spirit   .   (helmet restricted)
rPois   .          Reflect  .   (no amulet)
rElec   .          Harm     .   (no ring)
rCorr   .          Rampage  .   (no ring)
Will    .....                   (no ring)
Stlth   +++.......              (no ring)
HPRegen 0.12/turn               (no ring)
MPRegen 0.11/turn               (no ring)
                                (no ring)
                                (no ring)

@: mighty, flying
A: almost no armour, amphibious, 8 rings, camouflage 1, gelatinous body 1,
(nimble swimmer 1), tentacles
a: no special abilities


You were on level 5 of the Dungeon.
You visited 1 branch of the dungeon, and saw 5 of its levels.

You collected 219 gold pieces.
You spent 28 gold pieces at shops.

Inventory:

Hand Weapons
 a - a +0 dagger (weapon)
Missiles
 b - 124 stones
Wands
 i - a wand of flame (11) (quivered)
Scrolls
 f - a scroll of fog {unknown}
 g - a scroll of magic mapping {unknown}
 h - 2 scrolls of fear {unknown}
 k - 3 scrolls of identify
 o - a scroll of blinking {unknown}
 q - a scroll of enchant weapon {unknown}
Potions
 c - a potion of lignification {unknown}
 d - 2 potions of cancellation
 e - a potion of flight
 j - a potion of mutation {unknown}
 l - a potion of brilliance {unknown}
 m - a potion of heal wounds {unknown}
 n - a potion of might
 p - a potion of curing {unknown}


   Skills:
 - Level 2.0 Short Blades
 - Level 2.0 Dodging
 - Level 4.0 Stealth
 - Level 2.0 Spellcasting
 - Level 1.0 Transmutations
 + Level 5.9 Earth Magic


You had 2 spell levels left.
You knew the following spells:

 Your Spells              Type           Power      Damage    Failure   Level
a - Sandblast             Erth           50%        2d12      1%          1
p - Petrify               Tmut/Erth      15%        N/A       36%         4
w - Passwall              Tmut/Erth      12%        N/A       6%          2

Your spell library contained the following spells:

 Spells                   Type           Power      Damage    Failure   Level
 Corpse Rot               Necr/Air       4%         N/A       24%         2
 Stone Arrow              Conj/Erth      26%        3d8       14%         3
 Dispel Undead            Necr           2%         3d7       83%         4
 Death Channel            Necr           1%         N/A       100%        6


Dungeon Overview and Level Annotations

Branches:
Dungeon (5/15)
 Temple: D:4-7

Altars:
Makhleb
Trog
Vehumet

Shops:
D:1 [   D:3 =   D:4 (*

Annotations:
D:2 1 runed translucent door, Crazy Yiuf, Sigmund
D:3 exclusions: orc priest and orc wizard
D:5 exclusion: ogre


Innate Abilities, Weirdness & Mutations

You cannot wear most types of armour.
You are amphibious.
You can wear up to eight rings at the same time.
Your skin changes colour to match your surroundings (Stealth+).
Your rubbery body absorbs attacks. (AC +1, EV +1)
((You are camouflaged when in or above water. (Stealth+)))
You have tentacles for arms and can constrict up to eight enemies at once.


Message History

You feel very sick.
Casting: Sandblast (safe; 1% risk of failure)
Confirm with . or Enter, or press ? or * to list all spells.
Aiming: Sandblast (safe; 1% risk of failure)
Press: ? - help, Shift-Dir - straight line, f/p - gnoll
Aim: a gnoll, wielding a +0 club (severely wounded, 83% to hit)
The blast of sand hits the gnoll!
You kill the gnoll!
b - 124 stones You feel very sick.
You feel sick.
You feel sick.
You feel sick.
You feel sick.
You feel sick.
You feel sick.
You feel sick.
You feel sick.
You are no longer poisoned.
Saving game... please wait.
Level annotation: exclusion: ogre Welcome back, erker the Octopode Earth Elementalist.
Press ? for a list of commands and other information.
It was a potion of flight.
You feel very buoyant.
You fly up into the air.
Okay, then.
Unknown command.
Unknown command.
Unknown command.
Okay, then.
Unknown command.
Unknown command.
Unknown command.
Unknown command.
Unknown command.
It was a potion of might.
You feel very mighty all of a sudden. The scorpion stings you.
You die...

.....................>
#######'##.##.#....#..
#..........##.#....#..
#..........##.#....#..
#..........##.#.....).
#.......)..##.###.##.. #.#
#####.........# #..... ..#
##...###...###...###..
#.###....@#.###.# ... #.##
#.##.#...#s..# ..#...#.. #
#.##.#####...# .#####.. #
♣♣###.##.#...#...# .# #.. # Z
..##.###.....#.###.# ....#.##
# #.##.####...###...## .
.###.. #
##.##...#.###.#.....#.###.#...
#
#......#...#...#...#...#...#..
#
#.#.#..#...#..s#####...#...###


You could see a scorpion.

Vanquished Creatures
  2 jellies (D:5)
  An orc priest (D:3)
  A hound (D:5)
  3 gnolls (D:5)
  2 adders (D:4)
  An ufetubus (D:5)
  An adder skeleton (D:4)
  3 worms
  A dart slug (D:3)
  5 orcs (D:3)
  7 ball pythons
  4 endoplasms
  A giant cockroach (D:3)
  10 goblins
  4 hobgoblins
  4 quokkas
  4 bats
  2 frilled lizards
  4 kobolds
  2 rats (D:1)
62 creatures vanquished.

Notes
Turn   | Place    | Note
-------+----------+-------------------------------------------
     0 | D:1      | erker the Octopode Earth Elementalist began the quest for
                  | the Orb.
     0 | D:1      | Reached XP level 1. HP: 11/11 MP: 3/3
   244 | D:1      | Reached XP level 2. HP: 17/17 MP: 5/5
   247 | D:1      | Learned a level 2 spell: Passwall
   552 | D:1      | Reached skill level 1 in Short Blades
  1017 | D:1      | Found Doitoas's Antique Armour Boutique.
  1182 | D:2      | Reached XP level 3. HP: 16/21 MP: 6/6
  1301 | D:2      | Noticed Sigmund
  1942 | D:2      | Found a runed translucent door.
  1943 | D:2      | Noticed Crazy Yiuf
  2426 | D:3      | Found Zeasch's One-of-a-Kind Rings.
  2552 | D:4      | Noticed a black bear
  3211 | D:3      | Found a faded altar of an unknown god.
  3449 | D:3      | Reached XP level 4. HP: 27/27 MP: 5/7
  3490 | D:3      | Reached skill level 4 in Earth Magic
  3843 | D:4      | Learned a level 4 spell: Petrify
  4049 | D:4      | Found Baohoym's General Store.
  4057 | D:4      | Bought a scroll of identify for 28 gold pieces
  4180 | D:4      | Found Laodif's Firing Range.
  4317 | D:4      | Reached XP level 5. HP: 31/31 MP: 8/8
  4324 | D:4      | Found a burning altar of Makhleb.
  4324 | D:4      | Noticed a cacodemon
  4327 | D:4      | Noticed a ynoxinul
  4327 | D:4      | Noticed a neqoxec
  4338 | D:4      | Noticed a steam dragon
  4436 | D:5      | Entered Level 5 of the Dungeon
  4459 | D:5      | Reached skill level 5 in Earth Magic
  4556 | D:5      | Found a radiant altar of Vehumet.
  4588 | D:5      | Found a bloodstained altar of Trog.
  4588 | D:5      | Noticed an ogre
  4624 | D:5      | Reached XP level 6. HP: 36/36 MP: 6/9
  4779 | D:5      | Slain by a scorpion

Illustrated notes

Levels and vault maps discovered:
D:1:      eino_arrival_water_cross, layout_basic, serial_shops, shop_fountains,
          chequers_serial_rivers_micro_b
D:2:      layout_loops_corners, uniq_sigmund, uniq_crazy_yiuf_cottage
D:3:      layout_basic, basic_ecumenical_altar, serial_bayou_pond_a,
          nicolae_shop_unique_rings
D:4:      layout_rooms, makhleb_altar_promises_db, serial_shops,
          nicolae_shop_competitors_out_of_business, serial_curves,
          eino_curves_04, eino_curves_04, eino_curves_03,
          kennysheep_nondescript, nicolae_shop_firing_range
D:5:      nicolae_cairo_tiling, layout_basic, nicolae_yredelemnul_corpse_copse,
          mainiacjoe_overflow_catch_the_wave, minmay_manual_mares

Skill      XL: |  1  2  3  4  5 |
---------------+----------------+-----
Stealth        | 3 4 |  4.0
Short Blades   | 1 2 |  2.0
Earth Magic    | 4 5 |  5.9
Dodging        | |  2.0
Spellcasting   | |  2.0
Transmutations | |  1.0

Action                   |  1- 3 |  4- 6 || total
-------------------------+-------+-------++-------
Melee: Short sword       |    16 |       ||    16
       Unarmed           |     6 |       ||     6
       Constrict         |    22 |     6 ||    28
       Tentacles         |    13 |     4 ||    17
       Dagger            |    51 |    20 ||    71
       Punch             |       |     2 ||     2
 Cast: Sandblast         |    18 |    21 ||    39
       Passwall          |       |     2 ||     2
Evoke: Wand              |       |     1 ||     1
  Use: Scroll            |       |     1 ||     1
       Potion            |       |     2 ||     2
 Stab: Sleeping          |    10 |     5 ||    15
Armor: Skin              |     3 |     1 ||     4
Dodge: Dodged            |    27 |     8 ||    35
